 Dungeon Crawl Stone Soup version 0.18-a0-1471-gbbaf034 (webtiles) character file.

6637 KarvaRausku the Fighter (level 11, -5/90 HPs)
             Began as a Formicid Fighter on Mar 2, 2016.
             Was a High Priest of Lugonu.
             Slain by a centaur (6 damage)
             ... on level 10 of the Dungeon.
             The game lasted 00:42:59 (11529 turns).

KarvaRausku the Fighter (Formicid Fighter)         Turns: 11529, Time: 00:42:59

Health: -5/90      AC: 14    Str: 22    XL:     11   Next: 22%
Magic:  23/23      EV:  9    Int:  8    God:    Lugonu [*****.]
Gold:   64         SH: 12    Dex: 12    Spells: 0 memorised, 10 levels left

rFire  . . .     SeeInvis +     a - +0 long sword
rCold  . . .     Gourm    .     H - +1 chain mail of Ushon {rPois} (curse)
rNeg   + . .     Faith    .     c - +0 shield
rPois  +         Spirit   .     (helmet unavailable)
rElec  .         Dismiss  .     V - +0 cloak (curse)
rCorr  .         Reflect  .     h - +2 pair of gloves
SustAt .         Harm     .     L - +0 pair of boots (curse)
MR     +++++     Clarity  +     t - amulet of the Four Winds {rN+ MR+++ Clar}
Stlth  ..........               D - ring of magical power
                                K - ring of protection from magic

@: very slightly contaminated, invisible, almost entirely resistant to hostile
enchantments, extremely unstealthy
A: permanent stasis, dig shafts and tunnels, four strong arms, antennae 3,
deformed body, evolution 1
a: Dig, Shaft Self, Depart the Abyss, Bend Space, Banish, Corrupt, Enter the
Abyss, Renounce Religion


You were on level 10 of the Dungeon.
You worshipped Lugonu.
Lugonu was extremely pleased with you.
You were near starving.

You visited 2 branches of the dungeon, and saw 12 of its levels.
You also visited: Sewer.

You collected 406 gold pieces.
You spent 342 gold pieces at shops.

Inventory:

Hand Weapons
 a - a +0 long sword (weapon)
 w - a +3 war axe of freezing
Armour
 b - a +0 scale mail
 c - a +0 shield (worn)
 h - a +2 pair of gloves (worn)
 n - a +0 plate armour
 H - the cursed +1 chain mail of Ushon (worn) {rPois}
   (You bought it in a shop on level 7 of the Dungeon)

   It protects you from poison.
   It has a curse placed upon it.
 L - a cursed +0 pair of boots (worn)
 T - the cursed +0 robe of the Storm King {rN++ MP+9 Str+2, unknown}
   (You found it on level 10 of the Dungeon)

   It affects your strength (+2).
   It greatly protects you from negative energy.
   It affects your magic capacity (+9).
   It has a curse placed upon it.
 V - a cursed +0 cloak (worn)
Jewellery
 t - the amulet of the Four Winds (around neck) {rN+ MR+++ Clar}
   (You found it in a sewer)

   [amulet of nothing]

   It protects you from negative energy.
   It affects your resistance to hostile enchantments.
   It protects you against confusion.
 D - a ring of magical power (right hand)
 F - an uncursed ring of fire
 K - a ring of protection from magic (left hand)
Wands
 o - a wand of flame (32/48)
 p - a wand of random effects (30/48)
 E - a wand of polymorph (12/24)
 M - a wand of confusion (19/48)
 P - a wand of acid (0/15)
 Q - a wand of iceblast (7/15)
Scrolls
 e - 10 scrolls of identify
 i - 2 scrolls of teleportation {unknown}
 r - 2 scrolls of fog
 v - a scroll of remove curse
 y - 3 scrolls of blinking {unknown}
 z - 3 scrolls of enchant armour
 A - a scroll of silence {unknown}
 B - a scroll of noise {unknown}
 C - 4 scrolls of magic mapping {unknown}
 J - a scroll of fear {unknown}
 R - a scroll of random uselessness {unknown}
Potions
 d - a potion of might
 g - 3 potions of haste
 j - 4 potions of invisibility
 k - 3 potions of degeneration {unknown}
 l - 6 potions of curing {unknown}
 q - 3 potions of brilliance {unknown}
 s - a potion of mutation
 u - 2 potions of beneficial mutation {unknown}
 G - 3 potions of heal wounds {unknown}
 I - a potion of agility {unknown}
 N - a potion of cancellation {unknown}
Books
 x - a book of the Earth

   Spells                             Type                      Level
   a - Leda's Liquefaction            Hexes/Earth                  4
   b - Bolt of Magma                  Conjuration/Fire/Earth       5
   c - Statue Form                    Transmutation/Earth          6
   d - Iron Shot                      Conjuration/Earth            6
   e - Shatter                        Earth                        9
 O - a book of Power

   Spells                             Type                      Level
   a - Fulminant Prism                Conjuration/Hexes            4
   b - Iskenderun's Mystic Blast      Conjuration                  4
   c - Venom Bolt                     Conjuration/Poison           5
   d - Bolt of Magma                  Conjuration/Fire/Earth       5
   e - Iron Shot                      Conjuration/Earth            6
   f - Orb of Destruction             Conjuration                  7
   g - Spellforged Servitor           Conjuration/Summoning        7
Comestibles
 f - 6 bread rations
 m - 4 meat rations
 U - a slice of pizza


   Skills:
 + Level 9.8 Fighting
 + Level 8.4 Long Blades
 + Level 8.2 Armour
 - Level 3.4 Dodging
 - Level 1.6 Stealth
 + Level 9.3 Shields
 + Level 4.0 Evocations


You had 10 spell levels left.
You didn't know any spells.

Dungeon Overview and Level Annotations

Branches:
Dungeon (11/15)            Temple (1/1) D:4            Lair (0/8) D:9
    Orc (0/2) D:10

Altars:
Ashenzari
Cheibriados
Dithmenos
Elyvilon
Fedhas
Gozag
Kikubaaqudgha
Makhleb
Nemelex Xobeh
Okawaru
Pakellas
Qazlal
Ru
Sif Muna
Trog
Vehumet
Xom
Yredelemnul
Zin
The Shining One
Lugonu

Shops:
D:4 %   D:7 [   D:8 :   D:9 (

Annotations:
D:5 exclusion: statue


Innate Abilities, Weirdness & Mutations

You are under a permanent stasis effect.
You can dig through walls and to a lower floor.
Your four strong arms can wield two-handed weapons with a shield.
You have a pair of large antennae on your head (SInv).
Armour fits poorly on your strangely shaped body.
You evolve.


Message History

* * * LOW HITPOINT WARNING * * *
You are very lightly contaminated with residual magic.
The centaur unwields an uncursed shortbow.
You block the centaur's attack.
A hippogriff comes into view.
The hippogriff screeches!
You block the centaur's attack.
An iguana and an orc come into view.
The iguana hisses angrily.
The hippogriff screeches!
The orc shouts!
An orc comes into view. It is wielding a club.
You extend your mandibles.
You dig through the rock wall.
The iguana hisses angrily.
The centaur barely misses you.
You retract your mandibles.
The iguana hisses angrily.
The hippogriff screeches!
The orc shouts!
The tengu warrior hits you from afar with a glaive!
* * * LOW HITPOINT WARNING * * *
The centaur hits you.
You die...

###(###(#.#### ###
#...<........# #.'
#............###.#
#............#...#
#............#.#.#
###..............##%
..o####.Q...........>###.#
..l'H...#............# ###
...#####c@..(........#
###############


You could see a tengu warrior, a hippogriff (wandering), a centaur, an iguana
(wandering) and an orc (wandering).

Vanquished Creatures
  An unseen horror (D:10)
  Pikel (D:9)
  A gargoyle (D:10)
  2 trolls
  A yak (D:11)
  2 hungry ghosts
  Edmund (D:4)
  Duvessa (D:6)
  A slave (D:9)
  2 black bears
  Purgy (Sewer)
  2 ice beasts
  2 orc warriors
  2 sky beasts
  A necrophage (D:9)
  3 ogres
  A phantom (D:7)
  4 centaurs
  A crocodile (D:9)
  2 big kobolds
  6 giant frogs
  Dowan (D:6)
  3 scorpions
  7 killer bees (D:10)
  5 wights (D:10)
  2 howler monkeys (D:6)
  3 crimson imps
  A giant frog zombie (D:8)
  A centaur zombie (D:9)
  A jelly (D:5)
  6 hounds
  3 giant frog skeletons
  3 orc priests
  9 orc wizards
  2 centaur skeletons
  3 iguanas
  Natasha (thrice) (D:4)
  6 worker ants
  A hound zombie (D:5)
  A worker ant zombie (D:7)
  A howler monkey zombie (D:7)
  A howler monkey skeleton (D:10)
  8 adders
  A river rat (D:3)
  2 shadow imps
  A white imp (D:11)
  An ooze (D:2)
  An adder skeleton (D:5)
  5 worms
  A dart slug (D:3)
  7 giant geckos
  41 orcs
  6 bats
  10 giant cockroaches
  6 goblins
  2 hobgoblins
  8 jackals
  15 kobolds
  2 quokkas
  A ball python (D:3)
  A giant gecko skeleton (D:6)
  7 giant newts
  A jackal zombie (D:4)
  A quokka skeleton (D:4)
  4 rats
233 creatures vanquished.

Vanquished Creatures (others)
  3 slaves (D:9)
  A plant (D:10)
4 creatures vanquished.

Grand Total: 237 creatures vanquished

Notes
Turn   | Place    | Note
--------------------------------------------------------------
     0 | D:1      | KarvaRausku the Formicid Fighter began the quest for the Orb.
     0 | D:1      | Reached XP level 1. HP: 18/18 MP: 1/1
   228 | D:1      | Reached XP level 2. HP: 24/24 MP: 2/2
   885 | D:2      | Reached XP level 3. HP: 25/30 MP: 3/3
   961 | D:2      | Found a bloodstained altar of Trog.
  1004 | D:2      | Found a shimmering altar of Xom.
  1265 | D:2      | Reached XP level 4. HP: 17/37 MP: 4/4
  1520 | D:2      | Found a deep blue altar of Sif Muna.
  1720 | D:3      | Reached XP level 5. HP: 39/43 MP: 5/5
  1728 | D:3      | Found a faded altar to an unknown god.
  1760 | D:3      | Found a glowing golden altar of the Shining One.
  1898 | D:3      | Reached skill level 5 in Fighting
  1912 | D:3      | Found a glowing drain.
  1917 | Sewer    | Entered a sewer
  2107 | Sewer    | Noticed Purgy
  2119 | Sewer    | Killed Purgy
  2119 | Sewer    | Reached XP level 6. HP: 23/52 MP: 6/6
  3028 | D:4      | Noticed Natasha
  3037 | D:4      | Killed Natasha
  3052 | D:4      | Reached XP level 7. HP: 33/57 MP: 7/7
  3152 | D:4      | Noticed Natasha
  3173 | D:4      | Killed Natasha
  3299 | D:4      | Noticed Natasha
  3314 | D:4      | Reached skill level 1 in Dodging
  3321 | D:4      | Killed Natasha
  3469 | D:4      | Found Lasabul's Food Shoppe.
  3701 | D:4      | Noticed Edmund
  4016 | D:3      | Reached skill level 5 in Long Blades
  4133 | D:4      | Killed Edmund
  4306 | D:4      | Reached XP level 8. HP: 65/65 MP: 8/8
  4398 | D:4      | Found a staircase to the Ecumenical Temple.
  4521 | D:4      | Reached skill level 1 in Stealth
  4664 | D:5      | Entered Level 5 of the Dungeon
  4808 | D:5      | Found a sacrificial altar of Ru.
  4846 | D:5      | Found a radiant altar of Vehumet.
  4861 | D:5      | Reached skill level 5 in Shields
  5431 | D:5      | Found a sacrificial altar of Ru.
  5545 | Temple   | Entered the Ecumenical Temple
  6045 | D:3      | Became a worshipper of Lugonu the Unformed
  6045 | D:3      | Reached * piety under Lugonu
  6045 | D:3      | Reached ** piety under Lugonu
  6117 | D:6      | Noticed Dowan
  6124 | D:6      | Reached skill level 5 in Armour
  6128 | D:6      | Noticed Duvessa
  6143 | D:6      | Reached XP level 9. HP: 56/72 MP: 9/9
  6153 | D:6      | Killed Dowan
  6163 | D:6      | Killed Duvessa
  7221 | D:5      | You fall through a shaft for 2 floors!
  7589 | D:7      | Found an ancient bone altar of Kikubaaqudgha.
  7654 | D:7      | Found Povomai's Antique Armour Shop.
  7658 | D:7      | Bought a jewelled chain mail for 171 gold pieces
  7670 | D:7      | Identified the cursed +1 chain mail of Ushon {rPois} (You bought it in a shop on level 7 of the Dungeon)
  8189 | D:8      | Found a shadowy altar of Dithmenos.
  8190 | D:8      | Found an iron altar of Okawaru.
  8336 | D:8      | Found Itrutoba's Book Shoppe.
  8459 | D:8      | You fall through a shaft for 2 floors!
  8459 | D:10     | Entered Level 10 of the Dungeon
  8771 | D:9      | Found Olehieq's Weapon Boutique.
  8850 | D:9      | Noticed a troll
  8858 | D:9      | Killed a troll
  8858 | D:9      | Reached *** piety under Lugonu
  8925 | D:9      | Reached XP level 10. HP: 43/81 MP: 10/10
  9882 | D:9      | Found a staircase to the Lair.
  9975 | D:9      | Noticed Pikel
  9992 | D:9      | Reached **** piety under Lugonu
 10009 | D:9      | Killed Pikel
 10009 | D:9      | Reached skill level 1 in Evocations
 10250 | D:10     | Found a staircase to the Orcish Mines.
 10250 | D:10     | Noticed a gargoyle
 10282 | D:10     | Killed a gargoyle
 10485 | D:10     | Got a silken robe
 10530 | D:10     | Noticed an unseen horror
 10535 | D:10     | Gained mutation: You evolve. [potion of mutation]
 10535 | D:10     | Gained mutation: Armour fits poorly on your strangely shaped body. [potion of mutation]
 10535 | D:10     | Gained mutation: You are dopey. (Int -2) [potion of mutation]
 10555 | D:10     | Killed an unseen horror
 10555 | D:10     | Reached XP level 11. HP: 45/89 MP: 13/13
 10878 | D:7      | Lost mutation: You are dopey. (Int -2) [evolution]
 10889 | D:7      | Bought an ancient cloak for 171 gold pieces
 10896 | D:7      | Identified the -3 cloak of Crawling {SInv Stlth+} (You bought it in a shop on level 7 of the Dungeon)
 10913 | D:8      | You fall through a shaft for 3 floors!
 10986 | D:11     | Reached ***** piety under Lugonu
 11009 | D:11     | Noticed a death yak
 11123 | D:10     | Noticed a tengu warrior
 11151 | D:10     | HP: 2/90 [tengu warrior/glaive (18)]
 11529 | D:10     | HP: 1/90 [tengu warrior/glaive (8)]
 11529 | D:10     | Slain by a centaur

Vault maps used:
D:1:      minmay_arrival_stair_chambers, minivault_19
D:2:      xom_butterflies, lemuel_doored_altar, lemuel_blue_sif_altar
D:3:      nicolae_overflow_crystal_walls, ecumenical_altar_1,
          gup_sewer_entry_bowl
D:4:      minmay_temple_entry_from_below_a, serial_shops, shop, uniq_natasha,
          uniq_edmund
D:5:      marbit_many_paths, vehumet_statue, basic_altar, first_bread,
          solitary_fountain, kennysheep_cross_room
D:6:      st_stairs_13, uniq_duvessa
D:7:      nicolae_overflow_hidden_temple, serial_shops, shop_statue
D:8:      grunt_temple_overflow_open, serial_shops, shop
D:9:      lair_0_dummy, serial_shops, nicolae_shop_competitors_out_of_business,
          uniq_pikel
D:10:     orc_0_dummy, grunt_tengu_nest, dk_noncrumbling_3,
          kennysheep_generic_room_4
D:11:     serial_ice, serial_ice_g, serial_ice_m, serial_ice_l, serial_ice_d,
          serial_ice_c, serial_ice_f, serial_ice_h, serial_ice_b, serial_ice_e,
          serial_ice_a, portal_ice_cave_entry_imps, serial_shops, shop,
          david_defended_altar_orc, uniq_erica
Temple:   oiseaux_autumnal_temple_12
Sewer:    kennysheep_door_sewer

Skill      XL: |  1  2  3  4  5  6  7  8  9 10 11 |
---------------+----------------------------------+-----
Fighting       | 4 5 6 7 8 9 |  9.8
Long Blades    | 3 4 5 7 8 |  8.4
Dodging        | 2 3 |  3.4
Shields        | 4 5 7 9 |  9.3
Armour         | 4 5 6 7 8 |  8.2
Stealth        | 1 |  1.6
Evocations     | 3 4 |  4.0

Action                   |  1- 3 |  4- 6 |  7- 9 | 10-12 || total
-------------------------+-------+-------+-------+-------++-------
Melee: Long sword        |   118 |   164 |   543 |   451 ||  1276
 Abil: Shaft Self        |       |       |     2 |     1 ||     3
       Dig               |       |       |       |     8 ||     8
Evoke: Wand              |       |       |       |     1 ||     1
  Use: Scroll            |       |     1 |     3 |       ||     4
       Potion            |       |       |     5 |     3 ||     8
  Eat: Chunk             |     1 |     1 |    14 |    10 ||    26
       Bread ration      |       |     1 |     1 |       ||     2
       Beef jerky        |       |       |     2 |       ||     2
       Pizza             |       |       |     1 |       ||     1
